 Dungeon Crawl Stone Soup version 0.30.1-4-g462c640d31 (webtiles) character file.

Game seed: 15051835438772561429

1409 rvierbuc the Slasher (level 8, -7/60 HPs)
             Began as a Demonspawn Gladiator on Aug 21, 2023.
             Mangled by an iguana (8 damage)
             ... on level 6 of the Dungeon.
             The game lasted 00:29:35 (6661 turns).

rvierbuc the Slasher (Demonspawn Gladiator)         Turns: 6661, Time: 00:29:37

Health: -7/60      AC:  8    Str: 18    XL:     8   Next: 42%
Magic:  11/11      EV: 11    Int: 13    God:
Gold:   264        SH:  0    Dex: 14    Spells: 9/11 levels left

rFire   . . .        a - +0 long sword
rCold   . . .        (no shield)
rNeg    . . .        B - +0 scale mail of Conscience {+Blink}
rPois   .            (helmet restricted)
rElec   .            r - +0 cloak
rCorr   .            (no gloves)
SInv    .            (no boots)
Will    .....        (no amulet) Stlth
                     (no ring)
HPRegen 0.30/turn    (no ring)
MPRegen 0.12/turn

%: no passive effects
@: no status effects
A: horns 2, powered by death 1, big brain 2
a: Evoke Blink


You were on level 6 of the Dungeon.
You visited 1 branch of the dungeon, and saw 6 of its levels.

You collected 264 gold pieces.

Inventory:

Hand Weapons
 a - a +0 long sword (weapon)
 g - a +1 short sword of venom
 p - a +5 dagger of draining
 q - a +3 quarterstaff of chaos
 s - a +0 vampiric whip
 v - a +0 heavy flail
 J - a +2 whip of venom
Missiles
 d - 2 throwing nets
 e - a javelin
 A - 11 poisoned darts (quivered)
Armour
 b - a +0 leather armour
 c - a +0 helmet
 r - a +0 cloak (worn)
 B - the +0 scale mail of Conscience (worn) {+Blink}
   (You took it off a kobold on level 4 of the Dungeon)

   +Blink:    It lets you blink.
Magical Staves
 u - a staff of earth
Jewellery
 C - an amulet of guardian spirit
Wands
 h - a wand of mindburst (15)
 F - a wand of flame (27)
Scrolls
 f - a scroll of fog {unknown}
 j - 2 scrolls of enchant armour {unknown}
 m - 2 scrolls of noise {unknown}
 t - a scroll of magic mapping {unknown}
 y - 2 scrolls of brand weapon {unknown}
 z - a scroll of immolation {unknown}
 D - a scroll of vulnerability {unknown}
 E - a scroll of amnesia {unknown}
 H - a scroll of enchant weapon {unknown}
 K - a scroll of identify {unknown}
Potions
 i - a potion of might {unknown}
 k - a potion of resistance {unknown}
 l - a potion of brilliance {unknown}
 n - a potion of lignification
 o - 2 potions of heal wounds {unknown}
 w - 2 potions of invisibility {unknown}
 x - a potion of haste {unknown}
 G - a potion of ambrosia {unknown}
 I - a potion of berserk rage {unknown}
 L - a potion of attraction {unknown}


   Skills:
 + Level 3.9 Fighting
 + Level 6.7 Long Blades
 + Level 2.4 Throwing
 + Level 3.8 Armour
 * Level 4.0 Dodging
 + Level 0.9 Stealth
 * Level 2.1 Spellcasting
 * Level 2.1 Translocations


You had 9 spell levels left.
You knew the following spells:

 Your Spells              Type           Power      Damage    Failure   Level
a - Blink                 Tloc           12%        N/A       43%         2

Your spell library contained the following spells:

 Spells                   Type           Power      Damage    Failure   Level
 Apportation              Tloc           12%        N/A       32%         1
 Necrotise                Necr           4%         1d4       61%         1
 Summon Small Mammal      Summ           4%         N/A       61%         1
 Cigotuvi's Dreadful Rot  Necr/Pois/Air  2%         N/A       75%         2
 Portal Projectile        Hex/Tloc       8%         N/A       83%         3
 Ignite Poison            Fire/Tmut/Pois 1%         N/A       93%         3
 Tukima's Dance           Hex            1%         N/A       93%         3
 Manifold Assault         Tloc           6%         N/A       97%         4
 Blade Hands              Tmut           0%         N/A       100%        5
 Freezing Cloud           Conj/Ice/Air   0%         6-21      100%        5
 Storm Form               Tmut/Air       0%         N/A       100%        7


Dungeon Overview and Level Annotations

Branches:
Dungeon (6/15)             Temple (0/1) D:4

Altars:

Shops:
D:1 [   D:2 [=?[:


Innate Abilities, Weirdness & Mutations

You have a pair of horns on your head.
You regenerate a little health from kills.
You have an extremely huge brain. (Int +4)


Message History

The kobold hits you but does no damage. The water moccasin closely misses you.
You miss the water moccasin.
The water moccasin is almost dead.
You feel sick. The water moccasin bites you!
You are more poisoned.
The water moccasin poisons you! The kobold misses you.
You completely miss the water moccasin.
Your headbutt misses the water moccasin.
The water moccasin is almost dead.
You feel very sick. The water moccasin barely misses you.
The kobold hits you but does no damage. The water moccasin barely misses you.
You slash the water moccasin!
You kill the water moccasin!
You feel sick. The kobold closely misses you.
Your Dodging skill increases to level 4!
You hit the kobold but do no damage.
You feel sick. The kobold misses you.
You barely miss the kobold.
You feel sick. The kobold hits you with a +0 club.
You hit the kobold but do no damage. You headbutt the kobold.
You kill the kobold!
You feel sick.
You feel sick.
Things that are here:
a +0 club; a stone; a kobold corpse You feel sick.
There is a stone staircase leading down, spattered with blood here.
You feel sick.
You are no longer poisoned.
You climb downwards.
The iguana bites you!
* * * LOW HITPOINT WARNING * * *
The kobold demonologist hits you with a +0 dagger.
* * * LOW HITPOINT WARNING * * *
There is a stone staircase leading up here.
You fail to use your ability.
The kobold brigand hits you with a +0 dagger.
* * * LOW HITPOINT WARNING * * *
The kobold hits you but does no damage.
The kobold demonologist gestures wildly while chanting.
The iguana bites you!
You die...

.# ##.##
#...# #...#
####...####
#.).......#
#..l.K....#
#?..@K....#
###..K5####
#5...#
.....#
##.#### #.
#. #)


You could see a kobold demonologist, a kobold brigand, an iguana, an iron imp
(summoned), a crimson imp (summoned) and a kobold.

Vanquished Creatures
  Sigmund (D:5)
  Menkaure (D:5)
  3 water moccasins (D:5)
  An ice beast (D:5)
  An orc warrior (D:5)
  An ogre (D:5)
  A phantom (D:5)
  2 scorpions (D:5)
  A hound (D:5)
  A jelly (D:5)
  Crazy Yiuf (D:2)
  Jessica (D:2)
  An iguana (D:5)
  4 gnolls
  6 adders
  An ufetubus (D:4)
  2 worms (D:3)
  4 dart slugs
  10 orcs
  3 bats
  9 endoplasms
  A giant cockroach (D:2)
  9 hobgoblins
  8 jackals
  29 kobolds
  7 quokkas
  7 ball pythons
  3 frilled lizards
  2 goblins (D:1)
  6 rats (D:2)
127 creatures vanquished.

Notes
Turn   | Place    | Note
-------+----------+-------------------------------------------
     0 | D:1      | rvierbuc the Demonspawn Gladiator began the quest for the
                  | Orb.
     0 | D:1      | Reached XP level 1. HP: 16/16 MP: 1/1
   214 | D:1      | Gained mutation: You have a pair of small horns on your
                  | head. [demonic ancestry]
   214 | D:1      | Reached XP level 2. HP: 22/22 MP: 2/2
   440 | D:1      | Reached skill level 3 in Long Blades
  1109 | D:1      | Found Ewilusm's Antique Armour Shop.
  1114 | D:1      | Reached XP level 3. HP: 25/27 MP: 3/3
  1251 | D:2      | Found Caez's Jewellery Boutique.
  1293 | D:2      | Found Duyrrog's Armour Shop.
  1422 | D:2      | Noticed Jessica
  1424 | D:2      | Killed Jessica
  1425 | D:2      | Gained mutation: You have an unusually large brain. (Int
                  | +2) [demonic ancestry]
  1425 | D:2      | Reached XP level 4. HP: 28/33 MP: 4/4
  1477 | D:2      | Found a runed translucent door.
  1478 | D:2      | Noticed Crazy Yiuf
  1486 | D:2      | Killed Crazy Yiuf
  1487 | D:2      | Reached skill level 4 in Long Blades
  1535 | D:2      | Found Witeg's Vocational Training.
  1636 | D:2      | Reached skill level 1 in Armour
  1704 | D:2      | Found Gomof's Armour Shop.
  2140 | D:2      | Found Miqivuol's Magic Scroll Emporium.
  2364 | D:3      | Found a faded altar of an unknown god.
  2375 | D:3      | Gained mutation: You have an extremely huge brain. (Int +4)
                  | [demonic ancestry]
  2375 | D:3      | Reached XP level 5. HP: 33/39 MP: 5/5
  3774 | D:4      | Identified the +0 scale mail of Conscience {+Blink}
  4217 | D:4      | Found a staircase to the Ecumenical Temple.
  4925 | D:5      | Entered Level 5 of the Dungeon
  4962 | D:5      | Noticed an ogre
  5003 | D:5      | Noticed a water moccasin
  5013 | D:5      | Killed a water moccasin
  5014 | D:5      | Reached skill level 5 in Long Blades
  5014 | D:5      | Gained mutation: You have a pair of horns on your head.
                  | [demonic ancestry]
  5014 | D:5      | Reached XP level 6. HP: 14/46 MP: 6/6
  5017 | D:5      | HP: 2/46 [acid (4)]
  5256 | D:5      | Noticed a water moccasin
  5276 | D:5      | Killed a water moccasin
  5277 | D:5      | Reached XP level 7. HP: 5/52 MP: 7/7
  5285 | D:5      | Learned a level 2 spell: Blink
  5634 | D:5      | Noticed Menkaure
  5646 | D:5      | Killed Menkaure
  5702 | D:5      | Reached skill level 6 in Long Blades
  5702 | D:5      | Reached skill level 1 in Spellcasting
  5702 | D:5      | Reached skill level 1 in Translocations
  6015 | D:5      | Gained mutation: You regenerate a little health from kills.
                  | [demonic ancestry]
  6015 | D:5      | Reached XP level 8. HP: 25/59 MP: 8/10
  6151 | D:5      | Noticed Sigmund
  6166 | D:5      | Killed Sigmund
  6640 | D:6      | Noticed a kobold demonologist
  6660 | D:6      | HP: 3/60 [kobold demonologist/+0 dagger (4)]
  6661 | D:6      | HP: 1/60 [kobold brigand/+0 dagger (2)]
  6661 | D:6      | Mangled by an iguana

Illustrated notes

Levels and vault maps discovered:
D:1:      beargit_arrival_diablo_church, layout_basic, serial_shops, shop
D:2:      layout_loops_corners, serial_shops, nicolae_shop_rolled_up, shop,
          nicolae_shop_hallway_plus, shop, nicolae_shop_vocational,
          uniq_jessica, uniq_crazy_yiuf_cottage
D:3:      layout_basic, shapermc_ecumenical_altar_mp_highgroup
D:4:      kennysheep_kobold_camp, layout_loops_corners,
          minmay_temple_entry_wispy
D:5:      layout_layer_cave, uniq_sigmund, uniq_menkaure
D:6:      layout_loops_ring, uniq_blork_the_orc, uniq_duvessa, uniq_eustachio

Skill      XL: |  1  2  3  4  5  6  7  8 |
---------------+-------------------------+-----
Long Blades    | 3 4 5 6 |  6.7
Dodging        | 3 4 |  4.0
Throwing       | 2 |  2.4
Armour         | 1 2 3 |  3.8
Fighting       | 3 |  3.9
Spellcasting   | 1 2 |  2.1
Translocations | 1 2 |  2.1
Stealth        | |  0.9

Action                     |  1- 3 |  4- 6 |  7- 9 || total
---------------------------+-------+-------+-------++-------
  Melee: Long sword        |    55 |   272 |    86 ||   413
         Headbutt          |     7 |    44 |    20 ||    71
         Punch             |       |     1 |     2 ||     3
  Throw: Dart              |       |       |    16 ||    16
         Throwing net      |       |       |     1 ||     1
    Use: Potion            |       |     3 |     1 ||     4
   Stab: Sleeping          |       |     2 |       ||     2
         Distracted        |       |     1 |       ||     1
 Armour: Leather armour    |    12 |    55 |       ||    67
         Scale mail        |       |    28 |    23 ||    51
         Skin              |       |    14 |       ||    14
  Dodge: Dodged            |    30 |   160 |    52 ||   242
